 Dungeon Crawl Stone Soup version 0.29.1-4-g47bece8355 (webtiles) character file.

Game seed: 13481664333665857342

513 sanboga the Chopper (level 7, 0/61 HPs)
             Began as a Purple Draconian Berserker on Dec 7, 2022.
             Was a Priest of Trog.
             Slain by an ogre
             ... wielding a +0 giant spiked club
              (12 damage)
             ... on level 4 of the Dungeon.
             The game lasted 00:04:43 (3611 turns).

sanboga the Chopper (Purple Draconian Berserker)    Turns: 3611, Time: 00:04:43

Health: 0/61       AC:  7    Str: 22    XL:     7   Next: 0%
Magic:  7/7        EV: 13    Int:  7    God:    Trog [***...]
Gold:   75         SH:  0    Dex: 10    Spells: 6/6 levels left

rFire   . . .      SeeInvis +   a - +1 hand axe
rCold   . . .      Faith    .   (no shield)
rNeg    . . .      Spirit   .   (body armour unavailable)
rPois   .          Reflect  .   (helmet restricted)
rElec   .          Harm     .   q - +0 cloak
rCorr   .          Rampage  .   (no gloves)
Will    +....                   (no boots)
Stlth   +.........              (no amulet)
HPRegen 0.20/turn               n - ring of see invisible
MPRegen 0.10/turn               (no ring)

@: short of breath, on berserk cooldown, slowed, very slow
A: breathe power, AC +6, unfitting armour, cold-blooded
a: Breathe Dispelling Energy, Renounce Religion, Berserk, Trog's Hand


You were on level 4 of the Dungeon.
You worshipped Trog.
Trog was most pleased with you.
You visited 1 branch of the dungeon, and saw 4 of its levels.

You collected 141 gold pieces.
You spent 66 gold pieces at shops.

Inventory:

Hand Weapons
 a - a +1 hand axe (weapon)
Armour
 q - a +0 cloak (worn)
Jewellery
 e - a ring of fire
 l - a ring of resist corrosion
 n - a ring of see invisible (left hand)
Scrolls
 b - 2 scrolls of identify
 h - 2 scrolls of vulnerability
 i - 2 scrolls of enchant armour
 p - a scroll of fear {unknown}
Potions
 c - 3 potions of mutation {unknown}
 d - 2 potions of lignification {unknown}
 f - 2 potions of heal wounds
 g - a potion of brilliance
 j - 3 potions of curing {unknown}
 k - a potion of magic {unknown}
 m - a potion of haste {unknown}
 o - a potion of flight {unknown}
 r - a potion of berserk rage {unknown}


   Skills:
 + Level 5.1 Fighting
 * Level 6.0 Axes
 + Level 4.2 Dodging


You had 6 spell levels left.
You didn't know any spells.
Your spell library was empty.

Dungeon Overview and Level Annotations

Branches:
Dungeon (4/15)
 Temple: D:4-7

Altars:

Shops:
D:2 :[*?


Innate Abilities, Weirdness & Mutations

You can breathe bolts of dispelling energy.
Your rich purple scales are hard. (AC +6)
You cannot fit into any form of body armour.
You are cold-blooded and may be slowed by cold attacks.


Message History

You hit the centaur.
You tail-slap the centaur, but do no damage.
The centaur is heavily wounded.
The centaur hits you but does no damage.
The centaur barely misses you. The centaur misses you.
The centaur barely misses you.
You slash the centaur!
You kill the centaur!
Trog accepts your kill. The kobold closely misses you.
Your Axes skill increases to level 6!
You have reached level 7!
Your scales start taking on a rich purple colour.
You learn Spellcasting much quicker.
You learn Hexes much quicker.
You learn Evocations quicker.
You can breathe bolts of dispelling energy.
Aiming: Breathe Dispelling Energy (5% risk of failure)
Press: ? - help, Shift-Dir - straight line
Okay, then.
The kobold attacks as you move away! The kobold hits you but does no damage.
The kobold throws a stone.
The stone hits you.
* * * LOW HITPOINT WARNING * * *
The kobold throws a stone.
The stone barely misses you. The kobold attacks as you move away!
The kobold hits you but does no damage.
The kobold throws a stone.
The stone barely misses you.
Aiming: Breathe Dispelling Energy (5% risk of failure)
Press: ? - help, Shift-Dir - straight line, f - ogre
Aim: an ogre, wielding a +0 giant spiked club (78% to hit)
You breathe a bolt of dispelling energy.
The bolt of dispelling energy hits the ogre!
The ogre is moderately wounded.
The kobold hits you with a +0 dagger.
* * * LOW HITPOINT WARNING * * *
The ogre barely misses you.
You slash the ogre! You tail-slap the ogre.
The ogre is almost dead.
You closely miss the kobold. The kobold hits you with a +0 dagger.
* * * LOW HITPOINT WARNING * * *
The ogre hits you with a +0 giant spiked club!
You die...

#.. #.#.##...#####.
#...###.#.#.##.......
#.......#.....#......
#.........#...<......
#....###.............
# #....###...###...#
#####.#...#.:.#....
#.........#.#.#...#
#.@.†.......#.#...#
##.KO....#####...#.#
#........[....##.#..
.####[#.......#.#
#.#K# ......).......#
# ##...#
..###.).###.#.#
#....# ###)# ...#
#....# #.. ....
#....# .... ####
#....#


You could see an ogre and a kobold.

Vanquished Creatures
  The ghost of mester the Conjurer, an amateur DrCj (D:3)
  A centaur (D:4)
  A scorpion (D:4)
  A howler monkey (D:4)
  Natasha (thrice) (D:3)
  3 adders (D:2)
  A worm (D:3)
  A dart slug (D:3)
  7 orcs (D:3)
  11 ball pythons
  9 endoplasms
  5 giant cockroaches
  4 goblins
  9 hobgoblins
  9 jackals
  7 kobolds
  5 quokkas
  7 bats
  4 frilled lizards
  10 rats
99 creatures vanquished.

Notes
Turn   | Place    | Note
-------+----------+-------------------------------------------
     0 | D:1      | sanboga the Draconian Berserker began the quest for the
                  | Orb.
     0 | D:1      | Reached XP level 1. HP: 19/19 MP: 1/1
   170 | D:1      | Reached XP level 2. HP: 19/26 MP: 2/2
   765 | D:1      | Reached XP level 3. HP: 17/33 MP: 3/3
  1108 | D:1      | Found a faded altar of an unknown god.
  1114 | D:1      | Reached ** piety under Trog
  1299 | D:2      | Found Aqill's General Store.
  1307 | D:2      | Bought a potion of degeneration for 11 gold pieces
  1371 | D:2      | Found Tezuts's Antique Armour Boutique.
  1536 | D:2      | Reached skill level 4 in Axes
  1646 | D:2      | Reached XP level 4. HP: 29/40 MP: 4/4
  1843 | D:2      | Found Ysergh Ychu's Magic Scroll Shoppe.
  2110 | D:2      | Found Peimuli's Book Shoppe.
  2152 | D:2      | Bought a potion of heal wounds for 55 gold pieces
  2209 | D:3      | Found a large runed translucent door.
  2210 | D:3      | Found a large runed translucent door.
  2210 | D:3      | Noticed mester's ghost (amateur DrCj)
  2591 | D:3      | Reached *** piety under Trog
  2977 | D:3      | Noticed Natasha
  2988 | D:3      | Killed Natasha
  2989 | D:3      | Reached XP level 5. HP: 28/46 MP: 5/5
  3278 | D:3      | Noticed Natasha
  3288 | D:3      | Killed Natasha
  3389 | D:3      | Noticed Natasha
  3396 | D:3      | Killed Natasha
  3442 | D:3      | Killed mester's ghost
  3443 | D:3      | Reached skill level 5 in Axes
  3443 | D:3      | Reached XP level 6. HP: 55/55 MP: 6/6
  3600 | D:4      | Reached skill level 5 in Fighting
  3605 | D:4      | Reached skill level 6 in Axes
  3605 | D:4      | Your scales start taking on a rich purple colour.
  3605 | D:4      | Reached XP level 7. HP: 13/61 MP: 7/7
  3611 | D:4      | Slain by an ogre

Illustrated notes

Levels and vault maps discovered:
D:1:      saegor_arrival_miasma, layout_rooms, shapermc_ecumenical_altar_venn
D:2:      layout_loops_ring, serial_shops, shop, nicolae_shop_statue_plus, shop,
          nicolae_shop_behind_doors
D:3:      minmay_skewed_foursquare, layout_basic, ebering_ghost_disaster_area,
          minmay_quadrilaterals, uniq_natasha
D:4:      layout_basic, kennysheep_little_box,
          nicolae_ossuary_entry_false_entrances, solitary_fountain, uniq_pikel

Skill      XL: |  1  2  3  4  5  6 |
---------------+-------------------+-----
Dodging        | 3 4 |  4.2
Axes           | 4 5 6 |  6.0
Fighting       | 4 5 |  5.1

Action                   |  1- 3 |  4- 6 |  7- 9 || total
-------------------------+-------+-------+-------++-------
Melee: Hand axe          |   135 |   162 |     1 ||   298
       Tailslap          |    12 |    14 |     1 ||    27
       Punch             |       |     1 |       ||     1
Invok: Berserk           |       |     2 |       ||     2
 Abil: Breathe Dispellin |       |       |     1 ||     1
  Use: Scroll            |       |     6 |       ||     6
       Potion            |       |     2 |       ||     2
 Stab: Sleeping          |     3 |     1 |       ||     4
Armor: Skin              |    41 |    80 |     2 ||   123
Dodge: Dodged            |    96 |   131 |     3 ||   230
